 Dungeon Crawl Stone Soup version 0.30-a0-1075-gcd70e7a56d (webtiles) character file.

Game seed: 15388599204697609116

42 jimonade the Grasshopper (level 3, -1/32 HPs)
             Began as a Naga Warper on Apr 15, 2023.
             Slain by an adder (2 damage)
             ... on level 2 of the Dungeon.
             The game lasted 00:02:19 (1235 turns).

jimonade the Grasshopper (Naga Warper)              Turns: 1235, Time: 00:02:19

Health: -1/32      AC:  2    Str: 13    XL:     3   Next: 56%
Magic:  6/6        EV:  9    Int: 19    God:
Gold:   47         SH:  0    Dex: 12    Spells: 6/6 levels left

rFire   . . .      SeeInvis +    a - +0 falchion
rCold   . . .      Faith    .    (no shield)
rNeg    . . .      Spirit   .    b - +0 leather armour
rPois   +          Reflect  .    (no helmet)
rElec   .          Rampage  .    (no cloak)
rCorr   .                        (no gloves)
Will    .....                    (no barding)
Stlth   +                        (no amulet)
HPRegen 0.25/turn                k - ring of flight
MPRegen 0.10/turn                l - +6 ring of intelligence

@: flying, very slow
A: AC +1, large, see invisible, deformed body, poison resistance, slowness 2,
spit poison 1, naga tail 1
a: Spit Poison


You were on level 2 of the Dungeon.
You visited 1 branch of the dungeon, and saw 2 of its levels.

You collected 47 gold pieces.

Inventory:

Hand Weapons
 a - a +0 falchion (weapon)
 o - a +0 rapier
Missiles
 d - 7 boomerangs of dispersal
 i - 5 poisoned darts
Armour
 b - a +0 leather armour (worn)
Jewellery
 k - a ring of flight (left hand)
 l - a +6 ring of intelligence (right hand)
Scrolls
 f - a scroll of enchant armour {unknown}
 g - 2 scrolls of identify {unknown}
 j - a scroll of teleportation {unknown}
Potions
 e - a potion of brilliance {unknown}
 h - 2 potions of degeneration {unknown}
 m - a potion of flight {unknown}
 n - 2 potions of might {unknown}
 p - a potion of invisibility {unknown}


   Skills:
 + Level 2.1 Fighting
 + Level 2.4 Long Blades
 + Level 1.0 Throwing
 + Level 1.6 Armour
 + Level 1.6 Dodging
 + Level 2.0 Spellcasting
 * Level 3.4 Translocations


You had 6 spell levels left.
You didn't know any spells.
Your spell library contained the following spells:

 Spells                   Type           Power      Damage    Failure   Level
 Blink                    Tloc           30%        N/A       8%          2
 Lesser Beckoning         Tloc           30%        N/A       8%          2
 Teleport Other           Tloc           15%        N/A       16%         3
 Foxfire                  Conj/Fire      4%         2x1d4     22%         1
 Vhi's Electric Charge    Tloc/Air       16%        N/A       32%         3
 Manifold Assault         Tloc           15%        N/A       45%         4


Dungeon Overview and Level Annotations

Branches:
Dungeon (2/15)

Altars:
Ru

Annotations:
D:2 Jessica


Innate Abilities, Weirdness & Mutations

Your serpentine skin is tough. (AC +1)
You have supernaturally acute eyesight. (SInv)
Armour fits poorly on your strangely shaped body.
Your system is resistant to poisons. (rPois)
You cover ground very slowly.
You can spit poison.
You have a snake-like lower body.


Message History

Aim: Jessica, wielding a +0 club and wearing a +0 robe (fast, 59% to hit)
The splash of poison hits the adder.
The adder is poisoned.
The adder is heavily wounded.
The adder bites you.
* * * LOW HITPOINT WARNING * * *
The adder bites you.
* * * LOW HITPOINT WARNING * * *
You barely miss the adder.
The adder is heavily wounded.
The adder closely misses you.
You closely miss the adder.
The adder is severely wounded.
The adder bites you.
* * * LOW HITPOINT WARNING * * *
Jessica mumbles some strange words.
Jessica blinks!
The adder bites you.
* * * LOW HITPOINT WARNING * * *
You barely miss the adder.
The adder is severely wounded.
The adder bites you.
* * * LOW HITPOINT WARNING * * *
Blink to where?
Press: ? - help, Dir - move target
As you read the scroll of blinking, it crumbles to dust.
You have got your breath back.
Found a dagger.
You barely miss the adder.
The adder is severely wounded.
The adder bites you but does no damage.
You barely miss the adder.
The adder is severely wounded.
The adder bites you.
* * * LOW HITPOINT WARNING * * *
The adder closely misses you.
You hit the adder.
The adder is almost dead.
The adder bites you.
* * * LOW HITPOINT WARNING * * *
The adder bites you.
You die...

#### ######
#...######### #.....
#...@S@.....####.####
#...#####............
##.# #.#..#.#.#... #)
#.#..#.#.#... #
#S#..........
#ยง##.#.###...
#.##.#.###...
#.....@......
#.......#.#.#


You could see an adder and Jessica (fast).

Vanquished Creatures
  An adder (D:2)
  A dart slug (D:1)
  4 endoplasms
  3 goblins
  2 hobgoblins (D:1)
  5 kobolds (D:1)
  A quokka (D:2)
  2 ball pythons (D:1)
  3 bats
  3 frilled lizards
  4 rats
29 creatures vanquished.

Vanquished Creatures (others)
  A fungus (D:1)
1 creature vanquished.

Grand Total: 30 creatures vanquished

Notes
Turn   | Place    | Note
-------+----------+-------------------------------------------
     0 | D:1      | jimonade the Naga Warper began the quest for the Orb.
     0 | D:1      | Reached XP level 1. HP: 19/19 MP: 3/3
   197 | D:1      | Reached skill level 1 in Armour
   381 | D:1      | Reached XP level 2. HP: 26/26 MP: 5/5
   423 | D:1      | Found a faded altar of an unknown god.
   431 | D:1      | Got Plato's Opusculum on Flames
   502 | D:1      | Reached skill level 1 in Throwing
   904 | D:1      | Reached XP level 3. HP: 32/32 MP: 6/6
   995 | D:2      | Found a sacrificial altar of Ru.
  1201 | D:2      | Noticed Jessica
  1227 | D:2      | HP: 1/32 [adder (2)]
  1235 | D:2      | HP: 1/32 [adder (1)]
  1235 | D:2      | Slain by an adder

Illustrated notes

Levels and vault maps discovered:
D:1:      ebering_trefoil_twist, layout_basic,
          shapermc_ecumenical_altar_rom_forum
D:2:      layout_loops_cross, basic_altar, uniq_jessica

Skill      XL: |  1  2 |
---------------+-------+-----
Armour         | 1 |  1.6
Throwing       | 1 |  1.0
Fighting       | |  2.1
Long Blades    | |  2.4
Dodging        | |  1.6
Spellcasting   | |  2.0
Translocations | |  3.4

Action                     || total
---------------------------++-------
  Melee: Falchion          ||   100
         Punch             ||     1
Ability: Spit Poison       ||    11
    Use: Scroll            ||     1
 Armour: Leather armour    ||    21
  Dodge: Dodged            ||    57

Table legend: (Time is in decaauts)
 A = Elapsed time spent in this place.
 B = Non-inter-level travel time spent in this place.
 C = Inter-level travel time spent in this place.
 D = Time resting spent in this place.
 E = Time spent auto-exploring this place.
 F = Levels seen in this place.
 G = Mean time per level.
                   A        B        C        D        E       F      G
               +--------+--------+--------+--------+--------+-----+--------+
         Total |   1589 |   1563 |     26 |     51 |   1208 |   2 |  794.5 |
       Dungeon |   1589 |   1563 |     26 |     51 |   1208 |   2 |  794.5 |
               +--------+--------+--------+--------+--------+-----+--------+

Top non-repeatable levels by time:
     D:1: 1278 daAuts
     D:2: 310 daAuts
